 Dungeon Crawl Stone Soup version 0.23-a0-386-g9c9d49f (webtiles) character file.

1328 Gildeon the Basher (level 8, -1/68 HPs)
             Began as a Minotaur Chaos Knight on Oct 28, 2018.
             Was a Plaything of Xom.
             Slain by a two-headed ogre
             ... wielding a +0 giant club
              (11 damage)
             ... on level 5 of the Dungeon.
             The game lasted 00:16:11 (3449 turns).

Gildeon the Basher (Minotaur Chaos Knight)          Turns: 3449, Time: 00:16:11

Health: -1/68      AC: 15    Str: 19    XL:     8   Next: 34%
Magic:  8/8        EV:  7    Int: 12    God:    Xom [.*....]
Gold:   190        SH:  0    Dex: 10    Spells: 7/7 levels left

rFire    . . .     SeeInvis .   a - +2 mace (chaos)
rCold    . . .     Gourm    .   (no shield)
rNeg     . . .     Faith    .   h - +1 plate armour
rPois    .         Spirit   .   (helmet restricted)
rElec    .         Reflect  .   f - +0 cloak
rCorr    .         Harm     .   q - +0 pair of gloves
MR       .....                  (no boots)
Stlth    ..........             l - amulet of the acrobat
HPRegen  0.21/turn              t - +3 ring of intelligence
MPRegen  0.11/turn              (no ring)

@: very slightly contaminated, invisible
A: retaliatory headbutt, horns 2
a: Renounce Religion


You were on level 5 of the Dungeon.
You worshipped Xom.
You were a plaything of Xom.
You were not hungry.

You visited 1 branch of the dungeon, and saw 5 of its levels.
You visited the Abyss 1 time.

You collected 190 gold pieces.

Inventory:

Hand Weapons
 a - a +2 mace of chaos (weapon)
 j - a +0 flail
Armour
 f - a +0 cloak (worn)
 h - a +1 plate armour (worn)
 q - a +0 pair of gloves (worn)
Jewellery
 l - an amulet of the acrobat (around neck)
 t - a +3 ring of intelligence (left hand)
Wands
 e - a wand of flame (15)
 r - a wand of clouds (6)
Scrolls
 d - 2 scrolls of remove curse
 n - 2 scrolls of teleportation
Potions
 b - a potion of magic
 i - 2 potions of lignification
 k - a potion of might
 o - a potion of flight
 u - a potion of cancellation
Comestibles
 c - 9 rations


   Skills:
 - Level 5.0 Fighting
 + Level 10.3 Maces & Flails
 + Level 4.3 Armour
 + Level 3.4 Dodging
 + Level 2.5 Evocations


You had 7 spell levels left.
You didn't know any spells.
Your spell library was empty.

Dungeon Overview and Level Annotations

Branches:
Dungeon (5/15)
 Temple: D:4-7

Altars:
Fedhas
Kikubaaqudgha
Makhleb
Ru


Innate Abilities, Weirdness & Mutations

You reflexively headbutt those who attack you in melee.
You have a pair of horns on your head.


Message History

The two-headed ogre hits you with a +0 giant club.
* * * LOW HITPOINT WARNING * * *
You feel better. The two-headed ogre closely misses you.
The two-headed ogre hits you with a +0 giant club!
* * * LOW HITPOINT WARNING * * *
You feel better. The two-headed ogre barely misses you.
You furiously retaliate!
You headbutt the two-headed ogre!
The two-headed ogre hits you with a +0 giant club!
* * * LOW HITPOINT WARNING * * *
Okay, then.
Okay, then.
The two-headed ogre looks more healthy.
You fade into invisibility!
You are very lightly contaminated with residual magic.
You hit the two-headed ogre.
The two-headed ogre is moving more slowly.
The two-headed ogre is severely wounded.
The two-headed ogre hits you with a +0 giant club!
You die...
Xom laughs nastily!

.....#.............###..#####.#.
..##...............###.....<...#
..##......##........#.......####
..##.....####..........#..###
..#....##.....#####...##..### .#
....##.##.###..# ##.##.....##.#
...###.#..# #..#####.....#..#.#
..####...## #....##......#...#
..##..###.###...@..####......#
.....## #.##.....O## ##.#....#
###.## ##.......## #..#.##.#
#.## ##........# ##...# ##.##
#..######## ##....##
#...###.###.# #......# # #
#........#..# ###....####.#
###....###....# ##....#...#
.#....## ##...# ##....#


You could see a two-headed ogre (petrifying).

Vanquished Creatures
  Grinder (D:4)
  Menkaure (D:5)
  2 ogres (D:4)
  A centaur (D:5)
  A scorpion (D:4)
  A howler monkey (D:5)
  3 crimson imps (D:5)
  A bullfrog zombie (D:5)
  3 hounds (D:4)
  Crazy Yiuf (D:2)
  2 orc priests
  A worker ant (D:4)
  An iguana (D:5)
  3 orc wizards
  3 adders
  5 gnolls
  An ooze (D:3)
  An adder skeleton (D:5)
  A dart slug (D:4)
  4 leopard geckos
  13 orcs
  3 giant cockroaches
  9 goblins
  4 hobgoblins
  8 jackals
  A quokka (D:3)
  3 ball pythons
  9 bats
  11 frilled lizards
  A kobold (shapeshifter) (D:1)
  4 kobolds
  A leopard gecko skeleton (D:4)
  5 rats
109 creatures vanquished.

Vanquished Creatures (others)
  A ghost crab (Abyss:2)
  A centaur skeleton (D:5)
  An adder (D:3)
3 creatures vanquished.

Grand Total: 112 creatures vanquished

Notes
Turn   | Place    | Note
-------+----------+-------------------------------------------
     0 | D:1      | Gildeon the Minotaur Chaos Knight began the quest for the
                  | Orb.
     0 | D:1      | Reached XP level 1. HP: 19/19 MP: 0/0
    45 | D:1      | XOM: harmless Air miscast
    64 | D:1      | Reached skill level 4 in Maces & Flails
    79 | D:1      | Reached XP level 2. HP: 20/26 MP: 1/1
   545 | D:1      | XOM: polymorph kobold -> frilled lizard
   617 | D:1      | Reached skill level 5 in Maces & Flails
   773 | D:2      | Reached XP level 3. HP: 30/31 MP: 2/2
  1102 | D:2      | Found a runed door.
  1106 | D:2      | Noticed Crazy Yiuf
  1114 | D:2      | XOM: smoke on damage
  1116 | D:2      | XOM: summons 3 friendly demons
  1119 | D:2      | Killed Crazy Yiuf
  1119 | D:2      | Reached skill level 6 in Maces & Flails
  1119 | D:2      | Reached XP level 4. HP: 36/39 MP: 1/3
  1190 | D:2      | XOM is BORED!
  1190 | D:2      | XOM: summons 2 hostile demons
  1345 | D:2      | XOM: cloud trail
  1394 | D:3      | XOM: polymorph giant cockroach -> gnoll
  1504 | D:3      | Found a sacrificial altar of Ru.
  1601 | D:3      | XOM: medium Tloc miscast
  1601 | D:3      | Cast into level 2 of the Abyss (the severe capriciousness
                  | of Xom)
  1637 | Abyss:2  | Noticed a large abomination
  1638 | Abyss:2  | Noticed a ghost crab
  1638 | Abyss:2  | a large abomination changed into a ghost crab
  1638 | Abyss:2  | XOM: polymorph large abomination -> ghost crab
  1641 | Abyss:2  | Noticed a spectral snapping turtle
  1642 | Abyss:2  | Noticed a spectral anaconda
  1642 | Abyss:2  | Killed a ghost crab
  1642 | Abyss:2  | Reached skill level 7 in Maces & Flails
  1642 | Abyss:2  | Reached XP level 5. HP: 29/45 MP: 4/4
  1642 | Abyss:2  | XOM: divine lightning
  1645 | D:3      | Escaped the Abyss
  1646 | D:3      | XOM: harmless Air miscast
  1647 | D:3      | XOM: blink monster(s)
  1651 | D:3      | XOM: divination: detect items
  1917 | D:3      | XOM: mild Chrm miscast
  2079 | D:3      | Found a blossoming altar of Fedhas.
  2080 | D:3      | Found an ancient bone altar of Kikubaaqudgha.
  2208 | D:4      | Reached XP level 6. HP: 47/53 MP: 5/5
  2281 | D:4      | XOM: divination: detect creatures
  2293 | D:4      | Reached skill level 8 in Maces & Flails
  2299 | D:4      | Reached skill level 5 in Fighting
  2372 | D:4      | Noticed Grinder
  2381 | D:4      | XOM: god gift: hunting sling {god gift}
  2398 | D:4      | XOM: cast spell 'Cause Fear'
  2402 | D:4      | Killed Grinder
  2402 | D:4      | Reached skill level 9 in Maces & Flails
  2402 | D:4      | Reached XP level 7. HP: 61/61 MP: 6/6
  2423 | D:4      | XOM: cast spell 'Call Canine Familiar'
  2466 | D:4      | Found a burning altar of Makhleb.
  2620 | D:5      | Entered Level 5 of the Dungeon
  2627 | D:5      | XOM: noise
  2632 | D:5      | Reached skill level 1 in Evocations
  3054 | D:5      | Reached skill level 10 in Maces & Flails
  3118 | D:5      | Noticed Menkaure
  3131 | D:5      | Killed Menkaure
  3131 | D:5      | Reached XP level 8. HP: 68/68 MP: 8/8
  3182 | D:5      | XOM: noise
  3240 | D:5      | XOM: mild Necr miscast
  3378 | D:5      | XOM: mild Air miscast
  3419 | D:5      | Noticed a two-headed ogre
  3449 | D:5      | Slain by a two-headed ogre

Vault maps used:
D:1:      lightli_arrival_maybe_door_vault
D:2:      uniq_crazy_yiuf_cottage
D:3:      grunt_temple_overflow_growth_and_decay, hangedman_ru_absence
D:4:      bloody_makhleb, first_ration, uniq_grinder
D:5:      led_sif_book, kennysheep_nub, uniq_menkaure

Skill      XL: |  1  2  3  4  5  6  7  8 |
---------------+-------------------------+-----
Maces & Flails | 4 5 6 7 9 10 | 10.3
Fighting       | 4 5 |  5.0
Armour         | 3 4 |  4.3
Evocations     | 1 2 |  2.5
Dodging        | 2 3 |  3.4

Action                   |  1- 3 |  4- 6 |  7- 9 || total
-------------------------+-------+-------+-------++-------
Melee: Mace              |    65 |   112 |    81 ||   258
       Headbutt          |     5 |    16 |    14 ||    35
Evoke: Wand              |       |     8 |     2 ||    10
  Use: Scroll            |     9 |     3 |     6 ||    18
       Potion            |     2 |     2 |     6 ||    10
 Stab: Paralysed         |       |     1 |       ||     1
  Eat: Chunk             |     1 |     4 |     3 ||     8
Armor: Leather armour    |    21 |       |       ||    21
       Plate armour      |     9 |    96 |    59 ||   164
Dodge: Dodged            |    39 |    24 |    33 ||    96

Table legend:
 A = Non-vault XP
 B = Vault XP
 C = Vault XP percentage of total XP
 D = Non-vault monster count
 E = Vault monster count
 F = Vault count percentage of total count
                 A         B        C        D         E       F
            +---------+---------+-------+---------+---------+-------
      Total |    1407 |     491 |  25.9 |     109 |       3 |   2.7
            +---------+---------+-------+---------+---------+-------
        D:1 |      37 |       0 |   0.0 |      25 |       0 |   0.0
        D:2 |      31 |      33 |  51.6 |      12 |       1 |   7.7
        D:3 |     200 |       0 |   0.0 |      32 |       0 |   0.0
        D:4 |     487 |     286 |  37.0 |      13 |       1 |   7.1
        D:5 |     593 |     172 |  22.5 |      26 |       1 |   3.7
    Abyss:2 |      59 |       0 |   0.0 |       1 |       0 |   0.0
            +---------+---------+-------+---------+---------+-------
